 Dungeon Crawl Stone Soup version 0.19.0-24-gb05acd6 (webtiles) character file.

79 XO4YCPATb the Changer (level 4, -2/19 HPs)
             Began as a Felid Transmuter on Nov 20, 2016.
             Slain by a centaur (8 damage)
             ... on level 6 of the Dungeon.
             The game lasted 00:07:06 (3580 turns).

XO4YCPATb the Changer (Felid Transmuter)            Turns: 3580, Time: 00:07:07

Health: -2/19      AC:  1    Str:  6    XL:     4   Next: 17%
Magic:  3/8        EV: 23    Int: 16    God:
Gold:   57         SH:  0    Dex: 21    Spells: 3 memorised, 0 levels left
                                        Lives:  0   Deaths: 1

rFire  + . .     SeeInvis +       - Unarmed
rCold  + . .     Gourm    .     (armour unavailable)
rNeg   . . .     Faith    +     (shield unavailable)
rPois  +         Spirit   .     (helmet unavailable)
rElec  +         Reflect  .     (cloak unavailable)
rCorr  +         Harm     .     (gloves unavailable)
MR     .....                    (boots unavailable)
Stlth  +++.......               o - amulet of faith
                                (no ring)
                                (no ring)

@: agile, resistant, very slightly contaminated, quick
A: no armour, no weapons or thrown items, stealth, claws 1, fangs 3, see
invisible, carnivore 3, speed 1, shaggy fur 1, slow metabolism 1, sharp paws
a: no special abilities


You were on level 6 of the Dungeon.
You were not hungry.

You visited 1 branch of the dungeon, and saw 6 of its levels.

You collected 57 gold pieces.

Inventory:

Missiles
 a - 105 arrows
Jewellery
 o - an amulet of faith (around neck)
Scrolls
 d - a scroll of remove curse
 e - 2 scrolls of identify {unknown}
 g - a scroll of enchant armour {unknown}
 m - a scroll of amnesia {unknown}
Potions
 f - a potion of agility
 k - a potion of curing {unknown}
 l - a potion of might {unknown}
 n - a potion of ambrosia {unknown}
Books
 b - a book of Changes

   Spells                             Type                      Level
   a - Beastly Appendage              Transmutation                1
   b - Sticks to Snakes               Transmutation                2
   c - Spider Form                    Transmutation/Poison         3
   d - Ice Form                       Ice/Transmutation            4
   e - Blade Hands                    Transmutation                5
Comestibles
 c - 3 meat rations


   Skills:
 - Level 1.0 Fighting
 - Level 2.6 Dodging
 - Level 3.0 Unarmed Combat
 - Level 2.0 Spellcasting
 - Level 4.7 Transmutations
 + Level 2.7 Ice Magic


You couldn't memorise any spells.
You knew the following spells:

 Your Spells              Type           Power        Failure   Level  Hunger
a - Beastly Appendage     Tmut           ###...       3%          1    #......
b - Sticks to Snakes      Tmut           ###.....     6%          2    ###....
c - Ice Form              Ice/Tmut       ##......     50%         4    #####..


Dungeon Overview and Level Annotations

Branches:
Dungeon (7/15)
 Temple: D:4-7

Altars:

Annotations:
D:2 Natasha, Sigmund
D:7 Joseph


Innate Abilities, Weirdness & Mutations

You cannot wear armour.
You are incapable of wielding weapons or throwing items.
Your paws allow you to move quietly. (Stealth)
You have sharp claws.
You have razor-sharp teeth.
You have supernaturally acute eyesight. (SInv)
You are carnivorous and can eat meat at any time.
You cover ground quickly.
You are covered in fur. (AC +1)
You have a slow metabolism.
Your sharp claws are effective at attacking unaware monsters.


Message History

Strange energies run through your body.
The centaur shoots an arrow.
The arrow hits you!
Ouch! That really hurt!
You swap places.
It was a potion of agility.
You feel agile all of a sudden.
The centaur unwields an uncursed shortbow.
The centaur hits your ball python!
Your ball python dies!
It was a potion of resistance.
You feel protected.
The centaur wields an uncursed shortbow.
The centaur shoots an arrow.
The arrow misses you.
The centaur unwields an uncursed shortbow.
The centaur misses you.
A shadow imp comes into view.
You see here an arrow.
It was a potion of cure mutation.
It has a very clean taste.
The centaur hits you!
You die...

#..>.................
####.##....####....####
#......................
##..#S#....####....###
#....####.##.5..###
#.####..........#
#.####..........#
#....c..........#
##...#@......####
#..(#.......#
#...#.(.....####
#...####........
#..$####........
#...##..........
#..c##...##.....
#...##...# .....
######...# ....


You could see a centaur and a shadow imp (wandering).

Vanquished Creatures
  A crimson imp (D:6)
  3 adders (D:2)
  An ooze (D:2)
  A leopard gecko (D:1)
  7 orcs
  3 ball pythons
  2 giant cockroaches (D:1)
  9 goblins
  5 hobgoblins
  A quokka (D:7)
  10 bats
  3 frilled lizards
  5 kobolds
  A rat (D:3)
52 creatures vanquished.

Vanquished Creatures (collateral kills)
  A jelly (D:6)
  An adder (D:7)
  A quokka (D:6)
3 creatures vanquished.

Grand Total: 55 creatures vanquished

Notes
Turn   | Place    | Note
-------+----------+-------------------------------------------
     0 | D:1      | XO4YCPATb the Felid Transmuter began the quest for the Orb.
     0 | D:1      | Reached XP level 1. HP: 9/9 MP: 4/4
   303 | D:2      | Reached skill level 3 in Transmutations
   539 | D:1      | Reached XP level 2. HP: 12/12 MP: 4/6
   609 | D:1      | Learned a level 2 spell: Sticks to Snakes
   758 | D:1      | Reached XP level 3. HP: 12/15 MP: 5/7
   853 | D:1      | Reached skill level 4 in Transmutations
  1693 | D:2      | Noticed Sigmund
  1728 | D:2      | Noticed Natasha
  1801 | D:2      | Reached XP level 4. HP: 17/19 MP: 8/8
  1827 | D:3      | Learned a level 4 spell: Ice Form
  2384 | D:3      | Reached skill level 1 in Ice Magic
  2733 | D:3      | You fall through a shaft for 3 floors!
  2739 | D:7      | Noticed a hungry ghost
  2766 | D:7      | Noticed Joseph
  3388 | D:6      | Reached XP level 5. HP: 4/22 MP: 3/9
  3555 | D:6      | Noticed a centaur
  3560 | D:6      | Shot with an arrow by a centaur
  3561 | D:6      | Reached XP level 4. HP: -8/19 MP: 8/8
  3580 | D:6      | Slain by a centaur

Skill      XL: |  1  2  3  4 |
---------------+-------------+-----
Transmutations | 3 4 |  4.7
Ice Magic      | 2 |  2.7
Fighting       | |  1.0
Dodging        | |  2.6
Unarmed Combat | |  3.0
Spellcasting   | |  2.0

Action                   |  1- 3 |  4- 6 || total
-------------------------+-------+-------++-------
Melee: Unarmed           |    79 |    74 ||   153
       Headbutt          |     4 |     4 ||     8
       Bite              |     5 |     4 ||     9
 Cast: Beastly Appendage |     7 |     4 ||    11
       Sticks to Snakes  |     4 |     6 ||    10
  Use: Potion            |       |     3 ||     3
       Scroll            |       |     1 ||     1
 Stab: Sleeping          |     5 |     1 ||     6
  Eat: Chunk             |     9 |     2 ||    11
Armor: Skin              |     7 |     2 ||     9
Dodge: Dodged            |    52 |    58 ||   110
